 Dungeon Crawl Stone Soup version 0.31-a0-187-gba352fbbf7 (webtiles) character file.

Game seed: 8095405615967426535

2726 qw the Skirmisher (level 9, -3/50 HPs)
             Began as a Deep Elf Hunter on June 22, 2023.
             Was a Believer of Okawaru.
             Slain by a hornet (14 damage)
             ... on level 8 of the Dungeon.
             The game lasted 00:02:44 (6395 turns).

qw the Skirmisher (Deep Elf Hunter)                 Turns: 6395, Time: 00:02:44

Health: -3/50      AC:  8    Str: 16    XL:     9   Next: 40%
Magic:  12/14      EV: 17    Int: 15    God:    Okawaru [**....]
Gold:   449        SH:  0    Dex: 20    Spells: 8/8 levels left

rFire   + + .        Y - +1 arbalest (drain)
rCold   + + .        (shield currently unavailable)
rNeg    . . .        g - +0 ring mail
rPois   +            (no helmet)
rElec   .            a - scarf {rC+ rF+}
rCorr   .            n - +0 pair of gloves
SInv    .            h - +0 pair of boots
Will    .....        (no amulet)
Stlth   +++          i - ring of protection from cold
HPRegen 0.28/turn    k - ring "Kev Uzoo" {rPois Str+6}
MPRegen 0.14/turn

%: no passive effects
@: lethally poisoned (-3 -> -8), heroic
A: fire resistance 1, wild magic 1
a: Renounce Religion, Heroism


You were on level 8 of the Dungeon.
You worshipped Okawaru.
Okawaru was pleased with you.
You visited 1 branch of the dungeon, and saw 8 of its levels.

You collected 449 gold pieces.


Innate Abilities, Weirdness & Mutations

Your flesh is heat resistant. (rF+)
Your spells are a little harder to cast, but a little more powerful.


   Skills:
 - Level 3.0(8.0) Fighting
 + Level 14.9(19.9) Ranged Weapons
 - Level 1.2(6.2) Armour
 - Level 5.6(10.6) Dodging
 - Level 1.2(6.2) Stealth
 - Level 4.0 Invocations


You had 8 spell levels left.
You didn't know any spells.
Your spell library was empty.

Inventory:

Hand Weapons
 Y - a +1 arbalest of draining (weapon)
Armour
 a - a scarf of resistance (worn)
 g - a +0 ring mail (worn)
 h - a +0 pair of boots (worn)
 n - a +0 pair of gloves (worn)
Jewellery
 i - a ring of protection from cold (left hand)
 k - the ring "Kev Uzoo" (right hand) {rPois Str+6}
   (You found it on level 6 of the Dungeon)

   [ring of strength]

   Str:       It affects your strength (+6).
   rPois:     It protects you from poison.
Wands
 o - a wand of digging (4)
Scrolls
 c - a scroll of identify
 j - 2 scrolls of teleportation
Potions
 b - 2 potions of might
 d - a potion of heal wounds
 e - a potion of curing
 f - a potion of cancellation
 l - a potion of degeneration {unknown}
 m - a potion of attraction {unknown}
 q - a potion of berserk rage {unknown}

Dungeon Overview and Level Annotations

Branches:
Dungeon (8/15)             Temple (0/1) D:7
   Lair: D:8-11

Altars:
Elyvilon
Okawaru
Ru
Uskayaw

Shops:
D:1 *


Message History

f - a potion of cancellation
6365 ||| IDENTIFYING lumpy golden potion Done exploring.
6366 ||| DROPPING scroll of noise.
You drop a scroll of noise.
Done exploring.
(D) Dungeon (T) Temple
Where to? (* - list waypoints, Enter - D:7, ? - help)
What level of the Dungeon? (default 1, ? - help)
There is a stone staircase leading down here.
You climb downwards.
Found an escape hatch in the ceiling.
There is a stone staircase leading up here.
Waypoint 7 assigned to D:8.
There is an escape hatch in the ceiling here.
A hornet comes into view.
You shoot a bolt. The bolt hits the hornet.
The hornet buzzes angrily.
The hornet is lightly wounded.
You shoot a bolt. The bolt hits the hornet!
The hornet is moderately wounded.
The hornet stings you!
You feel yourself slow down.
You shoot a bolt. The bolt hits the hornet!
The hornet is severely wounded.
You feel yourself speed up. The hornet closely misses you.
The hornet stings you!
The hornet stings you but does no damage.
6393 ||| INVOKING Heroism.
You gain the combat prowess of a mighty hero.
The hornet barely misses you. The hornet stings you!
You are poisoned.
You feel yourself slow down.
You shoot a bolt. The bolt barely misses the hornet.
You feel very sick. The hornet barely misses you.
The hornet stings you but does no damage.
You shoot a bolt. The bolt closely misses the hornet.
You feel yourself speed up.
You feel very sick. The hornet stings you!
You die...

#.# #.# #
#.###.##.#
#<<......#
#####.##### #+##
#####.......# #...#
#.......###.##.....
#.......# #.#......
#.......###........
#..........@.......
#.......###y.......
#.......# #.#......
#........ ..##.....
###.######### #...#
#. #+## #


You could see a hornet.

Vanquished Creatures
  A two-headed ogre (D:7)
  Sigmund (D:5)
  A steam dragon (D:6)
  A water moccasin (D:7)
  A sky beast (D:7)
  2 ice beasts
  An ogre (D:4)
  2 centaurs
  A kobold brigand (D:7)
  3 phantoms
  A scorpion (D:7)
  2 bullfrogs
  3 wights (D:7)
  3 hounds
  2 orc priests
  2 jellies
  5 iguanas
  3 orc wizards
  7 adders
  A shadow imp (D:7)
  An ufetubus (D:7)
  3 dart slugs
  24 orcs
  3 ball pythons
  4 endoplasms
  3 giant cockroaches (D:1)
  3 goblins
  5 hobgoblins
  3 jackals
  11 kobolds
  4 quokkas
  7 bats
  7 frilled lizards
  9 rats
130 creatures vanquished.

Notes
Turn   | Place    | Note
-------+----------+-------------------------------------------
     0 | D:1      | qw the Deep Elf Hunter began the quest for the Orb.
     0 | D:1      | Reached XP level 1. HP: 12/12 MP: 3/3
     0 | D:1      | 0 ||| qw: Version: 0.3-a-9-g12657ce
     0 | D:1      | 0 ||| qw: Game counter: 2677
     0 | D:1      | 0 ||| qw: Always use a shield: true
     0 | D:1      | 0 ||| qw: God list: Okawaru
     0 | D:1      | 0 ||| qw: Allow faded altars: false
     0 | D:1      | 0 ||| qw: Do Orc after D:15 true
     0 | D:1      | 0 ||| qw: Do second Lair branch before Depths: true
     0 | D:1      | 0 ||| qw: Lair rune preference: random
     0 | D:1      | 0 ||| qw: Plans: Normal
     0 | D:1      | 0 ||| PLANNING D:1-11
    77 | D:1      | Found Jaebony's General Store.
    83 | D:1      | 83 ||| SHOPLISTING potion of curing (36 gold, have 0).
    83 | D:1      | 83 ||| SHOPLISTING potion of heal wounds (60 gold, have 0).
    83 | D:1      | 83 ||| SHOPLISTING scroll of identify (24 gold, have 0).
   284 | D:1      | Reached XP level 2. HP: 16/16 MP: 4/4
   365 | D:1      | Reached skill level 6 in Ranged Weapons
   510 | D:1      | HP: 3/16 [quokka (4)]
   732 | D:1      | 732 ||| UPGRADING to +0 ring mail.
   742 | D:1      | 742 ||| DROPPING +0 leather armour.
   743 | D:1      | 743 ||| READING scroll labelled ENLEASS HIOSK.
   744 | D:1      | 744 ||| DROPPING scroll of butterflies.
   775 | D:2      | Reached XP level 3. HP: 20/20 MP: 5/5
  1042 | D:2      | Reached skill level 7 in Ranged Weapons
  1735 | D:2      | 1735 ||| UPGRADING to scarf of resistance.
  1740 | D:2      | 1740 ||| UPGRADING to +0 pair of boots.
  1745 | D:2      | 1745 ||| READING scroll labelled XIRUEP BIASEQOI.
  1746 | D:2      | 1746 ||| READING 4 scrolls labelled COOQIA RYMIF.
  1957 | D:3      | Reached XP level 4. HP: 25/25 MP: 6/6
  2554 | D:3      | 2554 ||| DROPPING ring of flight.
  2555 | D:3      | 2555 ||| READING scroll labelled TAUNERRODET.
  2559 | D:3      | 2559 ||| READING 3 scrolls labelled URAKLO ZUHU.
  2560 | D:3      | 2560 ||| DROPPING 2 scrolls of amnesia.
  2601 | D:4      | Noticed a phantom
  2609 | D:4      | HP: 6/25 [phantom (2)]
  2613 | D:4      | Killed a phantom
  2614 | D:4      | Reached skill level 8 in Ranged Weapons
  2614 | D:4      | Reached XP level 5. HP: 6/29 MP: 7/7
  2897 | D:4      | Reached skill level 9 in Ranged Weapons
  2904 | D:4      | Noticed a phantom
  2917 | D:4      | Killed a phantom
  2918 | D:4      | Reached XP level 6. HP: 27/36 MP: 8/8
  3278 | D:4      | 3278 ||| SWAPPING to +0 arbalest of flaming.
  3279 | D:4      | 3279 ||| DROPPING +0 heavy shortbow.
  3280 | D:4      | 3280 ||| READING 3 scrolls of brand weapon.
  3280 | D:4      | 3280 ||| BRANDING +0 arbalest of flaming.
  3281 | D:4      | 3281 ||| READING 2 scrolls of brand weapon.
  3281 | D:4      | 3281 ||| BRANDING +0 arbalest of freezing.
  3282 | D:4      | 3282 ||| READING scroll of brand weapon.
  3282 | D:4      | 3282 ||| BRANDING +0 arbalest of flaming.
  3395 | D:4      | Reached skill level 10 in Ranged Weapons
  3400 | D:4      | 3400 ||| READING 3 scrolls labelled XUOMAO KIMUXTE.
  3401 | D:4      | 3401 ||| READING scroll labelled LEDGHIMUSUD.
  3402 | D:4      | 3402 ||| READING 2 scrolls of identify.
  3402 | D:4      | 3402 ||| IDENTIFYING cyan potion
  3403 | D:4      | 3403 ||| DROPPING 2 scrolls of vulnerability.
  3419 | D:5      | Entered Level 5 of the Dungeon
  3419 | D:5      | Noticed Sigmund
  3422 | D:5      | 3422 ||| STAIRDANCE
  3439 | D:5      | 3439 ||| Stepping randomly (disturbance).
  3440 | D:5      | Killed Sigmund
  3441 | D:5      | Reached XP level 7. HP: 23/40 MP: 9/9
  3442 | D:5      | 3442 ||| FLEEEEING.
  3443 | D:5      | 3443 ||| STAIRDANCE
  3548 | D:5      | Reached skill level 1 in Armour
  4119 | D:5      | Reached skill level 11 in Ranged Weapons
  4548 | D:5      | 4548 ||| UPGRADING to ring of protection from cold.
  4549 | D:5      | 4549 ||| DRINKING 2 fuming blue potions.
  4550 | D:5      | 4550 ||| READING 2 scrolls of identify.
  4550 | D:5      | 4550 ||| IDENTIFYING coppery potion
  4700 | D:6      | 4700 ||| FLEEEEING.
  4701 | D:6      | 4701 ||| FLEEEEING.
  4702 | D:6      | 4702 ||| FLEEEEING.
  4703 | D:6      | 4703 ||| FLEEEEING.
  4705 | D:6      | 4705 ||| FLEEEEING.
  4706 | D:6      | 4706 ||| FLEEEEING.
  4707 | D:6      | 4707 ||| FLEEEEING.
  4708 | D:6      | 4708 ||| FLEEEEING.
  4709 | D:6      | 4709 ||| FLEEEEING.
  4710 | D:6      | 4710 ||| FLEEEEING.
  4711 | D:6      | 4711 ||| FLEEEEING.
  4712 | D:6      | 4712 ||| FLEEEEING.
  4713 | D:6      | 4713 ||| FLEEEEING.
  4718 | D:6      | 4718 ||| FLEEEEING.
  4719 | D:6      | 4719 ||| FLEEEEING.
  4720 | D:6      | 4720 ||| FLEEEEING.
  4721 | D:6      | 4721 ||| FLEEEEING.
  4722 | D:6      | 4722 ||| FLEEEEING.
  4723 | D:6      | 4723 ||| FLEEEEING.
  4724 | D:6      | 4724 ||| FLEEEEING.
  4725 | D:6      | 4725 ||| FLEEEEING.
  4726 | D:6      | 4726 ||| STAIRDANCE
  4755 | D:5      | 4755 ||| READING scroll labelled BAOTUI AS MUZIA.
  4760 | D:6      | Reached XP level 8. HP: 45/45 MP: 10/10
  4814 | D:6      | Reached skill level 12 in Ranged Weapons
  4948 | D:6      | Reached skill level 3 in Fighting
  4972 | D:6      | Identified the ring "Kev Uzoo" {rPois Str+6}
  4977 | D:6      | 4977 ||| FLEEEEING.
  5013 | D:6      | 5013 ||| FLEEEEING.
  5159 | D:6      | Found a hide-covered altar of Uskayaw.
  5174 | D:6      | Found an iron altar of Okawaru.
  5176 | D:6      | 5176 ||| PLANNING OKAWARU WORSHIP
  5176 | D:6      | 5176 ||| UPGRADING to ring "Kev Uzoo" {rPois Str+6}.
  5177 | D:6      | 5177 ||| DRINKING 2 murky sapphire potions.
  5177 | D:6      | Gained mutation: You occasionally lose the ability to read
                  | scrolls when taking damage. [potion of mutation]
  5177 | D:6      | Gained mutation: You are somewhat resistant to further
                  | mutation. [potion of mutation]
  5178 | D:6      | 5178 ||| DRINKING potion of mutation.
  5178 | D:6      | Lost mutation: You are somewhat resistant to further
                  | mutation. [potion of mutation]
  5178 | D:6      | Lost mutation: You occasionally lose the ability to read
                  | scrolls when taking damage. [potion of mutation]
  5178 | D:6      | Gained mutation: Your flesh is heat resistant. (rF+)
                  | [potion of mutation]
  5178 | D:6      | Gained mutation: Your spells are a little harder to cast,
                  | but a little more powerful. [potion of mutation]
  5181 | D:6      | Found a sacrificial altar of Ru.
  5183 | D:6      | Found a white marble altar of Elyvilon.
  5187 | D:6      | Became a worshipper of Warmaster Okawaru
  5188 | D:6      | 5188 ||| PLANNING D:1-11
  5384 | D:7      | 5384 ||| STAIRDANCE
  5453 | D:7      | Reached skill level 13 in Ranged Weapons
  5497 | D:7      | 5497 ||| FLEEEEING.
  5498 | D:7      | 5498 ||| FLEEEEING.
  5499 | D:7      | 5499 ||| FLEEEEING.
  5500 | D:7      | 5500 ||| FLEEEEING.
  5501 | D:7      | 5501 ||| FLEEEEING.
  5502 | D:7      | 5502 ||| FLEEEEING.
  5503 | D:7      | 5503 ||| FLEEEEING.
  5504 | D:7      | 5504 ||| FLEEEEING.
  5505 | D:7      | 5505 ||| FLEEEEING.
  5506 | D:7      | 5506 ||| FLEEEEING.
  5507 | D:7      | 5507 ||| FLEEEEING.
  5508 | D:7      | 5508 ||| FLEEEEING.
  5509 | D:7      | 5509 ||| FLEEEEING.
  5510 | D:7      | 5510 ||| STAIRDANCE
  5532 | D:7      | 5532 ||| STAIRDANCE
  5680 | D:7      | Reached * piety under Okawaru
  5681 | D:7      | Reached skill level 14 in Ranged Weapons
  5683 | D:7      | 5683 ||| FLEEEEING.
  5684 | D:7      | 5684 ||| FLEEEEING.
  5685 | D:7      | 5685 ||| FLEEEEING.
  5802 | D:7      | Noticed a two-headed ogre
  5803 | D:7      | 5803 ||| INVOKING Heroism.
  5805 | D:7      | Killed a two-headed ogre
  5805 | D:7      | Reached ** piety under Okawaru
  5806 | D:7      | Reached skill level 3 in Invocations
  5806 | D:7      | Reached XP level 9. HP: 20/50 MP: 8/13
  6183 | D:7      | 6183 ||| INVOKING Heroism.
  6212 | D:7      | Found a staircase to the Ecumenical Temple.
  6357 | D:7      | 6357 ||| UPGRADING to +0 pair of gloves.
  6362 | D:7      | 6362 ||| READING 2 scrolls labelled HOIL GOAFADGHOO.
  6363 | D:7      | 6363 ||| READING scroll labelled LONKIRYR GYCVE.
  6364 | D:7      | 6364 ||| READING scroll labelled IGROGEJAMA.
  6365 | D:7      | 6365 ||| READING 2 scrolls of identify.
  6365 | D:7      | 6365 ||| IDENTIFYING lumpy golden potion
  6366 | D:7      | 6366 ||| DROPPING scroll of noise.
  6393 | D:8      | 6393 ||| INVOKING Heroism.
  6395 | D:8      | HP: 11/50 [poisoned by a hornet]
  6395 | D:8      | Slain by a hornet

Levels and vault maps discovered:
D:1:      heliophobic_arrival_glass_houses, layout_basic, serial_shops,
          nicolae_shop_hallway_plus
D:2:      layout_basic, grunt_ministairs_14, serial_bayou_pond_a,
          dreamdust_wishing_well, minmay_rat_gold_closets
D:3:      layout_loops_corners, minmay_surrounded
D:4:      minmay_chambers_of_twos, layout_basic
D:5:      nicolae_cairo_tiling_large, layout_basic, uniq_sigmund
D:6:      layout_rooms, minitemple, nrook_pool_corridor
D:7:      layout_rooms, temple_hall, grunt_ministairs_13
D:8:      layout_loops_corners, serial_shops, shop, uniq_gastronok

Skill      XL: |  1  2  3  4  5  6  7  8  9 |
---------------+----------------------------+-----
Ranged Weapons | 6 7 8 9 10 11 14 | 14.9
Fighting       | 2 3 |  3.0
Dodging        | 4 5 |  5.6
Armour         | 1 |  1.2
Invocations    | 3 4 |  4.0
Stealth        | |  1.2

Action                     |  1- 3 |  4- 6 |  7- 9 || total
---------------------------+-------+-------+-------++-------
   Fire: Shortbow          |    99 |    96 |       ||   195
         Arbalest          |       |     7 |   190 ||   197
 Invoke: Heroism           |       |       |     3 ||     3
    Use: Scroll            |     3 |     8 |     6 ||    17
         Potion            |       |       |     3 ||     3
 Armour: Ring mail         |     8 |    14 |    49 ||    71
  Dodge: Dodged            |    25 |    27 |    79 ||   131

Table legend:
 A = Non-vault XP
 B = Vault XP
 C = Vault XP percentage of total XP
 D = Non-vault monster count
 E = Vault monster count
 F = Vault count percentage of total count
                 A         B        C        D         E       F
            +---------+---------+-------+---------+---------+-------
      Total |    3329 |     566 |  14.5 |     108 |      22 |  16.9
            +---------+---------+-------+---------+---------+-------
        D:1 |      27 |       0 |   0.0 |      14 |       0 |   0.0
        D:2 |      38 |      23 |  37.7 |      14 |      10 |  41.7
        D:3 |      39 |       2 |   4.9 |      13 |       1 |   7.1
        D:4 |     428 |      68 |  13.7 |      12 |       8 |  40.0
        D:5 |     471 |     226 |  32.4 |      13 |       1 |   7.1
        D:6 |     546 |     132 |  19.5 |      11 |       1 |   8.3
        D:7 |    1780 |     115 |   6.1 |      31 |       1 |   3.1
            +---------+---------+-------+---------+---------+-------
